 Dungeon Crawl Stone Soup version 0.29.1-2-gbd0b4ee654 (webtiles) character file.

Game seed: 7500287747420041957

128 Sabo the Covered (level 5, 0/33 HPs)
             Began as a Gargoyle Fighter on Nov 4, 2022.
             Killed from afar by an orc wizard (8 damage)
             ... with a puff of flame
             ... on level 4 of the Dungeon on Nov 5, 2022.
             The game lasted 00:14:50 (3026 turns).

Sabo the Covered (Gargoyle Fighter)                 Turns: 3026, Time: 00:14:53

Health: 0/33       AC: 12    Str: 22    XL:     5   Next: 12%
Magic:  5/5        EV:  9    Int:  8    God:
Gold:   144        SH:  0    Dex: 15    Spells: 4/4 levels left

rFire   . . .      SeeInvis .   a - +0 war axe
rCold   . . .      Faith    .   c - +0 buckler
rNeg    + . .      Spirit   .   b - +0 scale mail
rPois   ∞          Reflect  .   (no helmet)
rElec   +          Harm     .   s - +0 cloak
rCorr   .          Rampage  .   (no gloves)
Will    .....                   (no boots)
Stlth   ..........              (no amulet)
HPRegen 0.11/turn               h - +6 ring of dexterity
MPRegen 0.09/turn               i - ring of flight

@: confused, flying
A: sickness immunity, AC +4, negative energy resistance 1, electricity
resistance, torment resistance 1, petrification resistance
a: no special abilities


You were on level 4 of the Dungeon.
You visited 1 branch of the dungeon, and saw 4 of its levels.

You collected 144 gold pieces.

Inventory:

Hand Weapons
 a - a +0 war axe (weapon)
Missiles
 e - 6 poisoned darts (quivered)
 j - a throwing net
Armour
 b - a +0 scale mail (worn)
 c - a +0 buckler (worn)
 s - a +0 cloak (worn)
Jewellery
 h - a +6 ring of dexterity (left hand)
 i - a ring of flight (right hand)
Scrolls
 f - 2 scrolls of enchant armour
 g - 2 scrolls of teleportation
 k - 2 scrolls of enchant weapon
 n - a scroll of butterflies {unknown}
 o - a scroll of fear {unknown}
 t - a scroll of noise {unknown}
Potions
 d - a potion of might
 l - a potion of attraction {unknown}
 m - 2 potions of heal wounds {unknown}
 p - a potion of cancellation {unknown}
 q - a potion of haste {unknown}
 r - a potion of curing {unknown}


   Skills:
 + Level 3.7 Fighting
 + Level 3.3 Axes
 + Level 4.0 Armour
 + Level 0.6 Dodging
 + Level 0.2 Stealth
 + Level 3.8 Shields


You had 4 spell levels left.
You didn't know any spells.
Your spell library contained the following spells:

 Spells                   Type           Power      Damage    Failure   Level
 Blink                    Tloc           0%         N/A       91%         2
 Lesser Beckoning         Tloc           0%         N/A       99%         3
 Mephitic Cloud           Conj/Pois/Air  0%         N/A       99%         3
 Ozocubu's Armour         Ice            0%         N/A       99%         3
 Swiftness                Air            0%         N/A       99%         3
 Corpse Rot               Necr/Pois/Air  0%         N/A       100%        4
 Manifold Assault         Tloc           0%         N/A       100%        5
 Ozocubu's Refrigeration  Ice            0%         4d7       100%        7
 Storm Form               Tmut/Air       0%         N/A       100%        7


Dungeon Overview and Level Annotations

Branches:
Dungeon (4/15)
 Temple: D:4-7

Altars:
Kikubaaqudgha

Shops:
D:1 (   D:4 =


Innate Abilities, Weirdness & Mutations

You are immune to sickness and miasma.
Your stone body is resilient. (AC +4)
You are immune to poison.
You resist negative energy. (rN+)
You are resistant to electric shocks. (rElec)
You are resistant to unholy torment.
You are immune to petrification.


Message History

Something hits you but does no damage.
The orc wizard hits you but does no damage.
You bump into the stone wall.
The orc wizard points at you and mumbles some strange words.
You resist with some effort.
The orc wizard gestures wildly while chanting.
The orc wizard flickers and vanishes!
You miss the orc wizard.
The orc wizard is almost dead.
You feel less confused.
The orc wizard mumbles some strange words.
The orc wizard flickers and vanishes!
You closely miss something. Something hits you but does no damage.
You hear some strange, mumbled words.
Something tries to affect you, but you resist.
You hear some strange, mumbled words.
You are confused.
Something hits you but does no damage. Something hits you.
There is an open door here.
Something hits you but does no damage. x2
You hear some strange, mumbled words.
A puff of flame appears from out of thin air!
The puff of flame hits you.
You hear some strange, mumbled words.
You hear a shout!
Something hits you.
You miss something. x2; Something hits you but does no damage.
You bump into the stone wall.
Something hits you but does no damage.
You hear some strange, mumbled words.
You are more confused.
You hear some strange, mumbled words.
A puff of flame appears from out of thin air!
The puff of flame hits you.
* * * LOW HITPOINT WARNING * * *
You miss something. You completely miss something. You closely miss something.
Something hits you.
* * * LOW HITPOINT WARNING * * *
You hear some strange, mumbled words.
A puff of flame appears from out of thin air!
The puff of flame hits you!
You die...

....... ...####
#.. #### .##.#
#..## .##.. +...##
.###. #....##
.#.'. ####.....#
.#.#. #@.#.⌠.⌠.###
.#.#.
#_{'..⌠....##)#.#.
#..#.⌠.⌠.#....#.#.
####.....#...##.#.
#....####....#.
+...## ####...
#..## #.## ####
..## #####


There were no monsters in sight!

Vanquished Creatures
  A hound (D:4)
  3 adders
  An ufetubus (D:4)
  A worm (D:4)
  A dart slug (D:1)
  5 bats
  6 endoplasms
  A giant cockroach (D:2)
  10 goblins
  8 hobgoblins
  3 quokkas
  7 ball pythons
  4 frilled lizards
  5 kobolds
  4 rats
60 creatures vanquished.

Notes
Turn   | Place    | Note
-------+----------+-------------------------------------------
     0 | D:1      | Sabo the Gargoyle Fighter began the quest for the Orb.
     0 | D:1      | Reached XP level 1. HP: 14/14 MP: 1/1
    93 | D:1      | Reached XP level 2. HP: 16/19 MP: 2/2
   381 | D:1      | Found Goyroin's Weapon Emporium.
   567 | D:1      | Reached XP level 3. HP: 23/23 MP: 3/3
  1947 | D:3      | Reached XP level 4. HP: 29/29 MP: 4/4
  2074 | D:3      | Got the Grimoire of the Tesseract and the Lungs
  2755 | D:4      | Reached skill level 4 in Armour
  2755 | D:4      | Reached XP level 5. HP: 33/33 MP: 5/5
  2960 | D:4      | Found Muell's Jewellery Boutique.
  3012 | D:4      | Found an ancient bone altar of Kikubaaqudgha.
  3026 | D:4      | Killed from afar by an orc wizard

Illustrated notes

Levels and vault maps discovered:
D:1:      enne_arrival_octagon_isle, layout_rooms, serial_shops,
          nicolae_shop_bloodbath_and_beyond
D:2:      minmay_inner_zag, layout_basic
D:3:      layout_basic
D:4:      layout_basic, palyth_temple_overflow_mages, serial_shops,
          nicolae_shop_crystal

Skill      XL: |  1  2  3  4 |
---------------+-------------+-----
Axes           | 2 3 |  3.3
Armour         | 4 |  4.0
Fighting       | |  3.7
Dodging        | |  0.6
Stealth        | |  0.2
Shields        | |  3.8

Action                   |  1- 3 |  4- 6 || total
-------------------------+-------+-------++-------
Melee: War axe           |    93 |    78 ||   171
  Use: Scroll            |     3 |     1 ||     4
Armor: Scale mail        |    59 |    74 ||   133
Dodge: Dodged            |    42 |    33 ||    75
Block: Buckler           |    33 |    15 ||    48
